 Dungeon Crawl Stone Soup version 0.27-a0-951-gae3e1deef5 (webtiles) character file.

Game seed: 3790963371869059449

3040 Alarkh the Insei (level 9, -2/63 (68) HPs)
             Began as a Demonspawn Transmuter on Apr 11, 2021.
             Was a Believer of Cheibriados.
             Slain by a gnoll shaman
             ... wielding a +2 whip of draining
              (9 damage)
             ... on level 9 of the Dungeon.
             The game lasted 00:09:04 (7603 turns).

Alarkh the Insei (Demonspawn Transmuter)            Turns: 7603, Time: 00:09:04

HP:   -2/63 (68)    AC:  3    Str: 17    XL:     9   Next: 56%
MP:   25/25         EV: 12    Int: 29    God:    Cheibriados [**....]
Gold: 396           SH:  0    Dex: 20    Spells: 10/18 levels left

rFire    . . .     SeeInvis .     - Unarmed
rCold    . . .     Faith    .   (no shield)
rNeg     . . .     Spirit   .   a - +0 robe
rPois    .         Reflect  .   (helmet currently unavailable)
rElec    .         Harm     .   (no cloak)
rCorr    .         Rampage  .   l - +0 pair of gloves
Will     .....                  (boots currently unavailable)
Stlth    ++........             i - amulet of the acrobat
HPRegen  0.20/turn              h - +6 ring of intelligence
MPRegen  0.19/turn              k - ring of magical power

@: appendages, drained, very slow
A: horns 2, hooves 2, spiny 3
a: End Transformation, Renounce Religion, Bend Time


You were on level 9 of the Dungeon.
You worshipped Cheibriados.
Cheibriados was pleased with you.
You had temporarily grown beastly horns.
You visited 2 branches of the dungeon, and saw 10 of its levels.
You also visited: Sewer.

You collected 396 gold pieces.

Inventory:

Missiles
 m - 32 poisoned darts
Armour
 a - a +0 robe (worn)
 f - a +0 helmet (melded)
 l - a +0 pair of gloves (worn)
Jewellery
 c - an amulet of faith
 h - a +6 ring of intelligence (left hand)
 i - an amulet of the acrobat (around neck)
 k - a ring of magical power (right hand)
 A - a ring of resist corrosion
 E - an amulet of magic regeneration
Wands
 y - a wand of mindburst (17)
 B - a wand of iceblast (9)
Scrolls
 d - 3 scrolls of noise {unknown}
 e - 2 scrolls of torment
 g - a scroll of immolation {unknown}
 j - 2 scrolls of magic mapping {unknown}
 p - 5 scrolls of teleportation {unknown}
 r - a scroll of identify
 s - 2 scrolls of fear {unknown}
 u - a scroll of fog {unknown}
 v - a scroll of enchant weapon {unknown}
 x - a scroll of enchant armour {unknown}
 C - a scroll of acquirement {unknown}
Potions
 b - a potion of invisibility
 n - 3 potions of flight
 o - 4 potions of curing
 q - a potion of attraction {unknown}
 t - 2 potions of resistance {unknown}
 w - a potion of lignification {unknown}
 z - a potion of ambrosia {unknown}
 D - 2 potions of brilliance {unknown}


   Skills:
 + Level 5.2 Fighting
 - Level 1.7 Dodging
 + Level 2.8 Stealth
 * Level 7.4 Unarmed Combat
 + Level 5.1 Spellcasting
 + Level 5.2 Transmutations
 + Level 3.6 Ice Magic
 + Level 3.8 Invocations


You had 10 spell levels left.
You knew the following spells:

 Your Spells              Type           Power      Damage    Failure   Level
a - Beastly Appendage     Tmut           74%        N/A       1%          1
b - Spider Form           Tmut/Pois      11%        N/A       6%          3
c - Ice Form              Ice/Tmut       33%        N/A       10%         4

Your spell library contained the following spells:

 Spells                   Type           Power      Damage    Failure   Level
 Wereblood                Tmut           37%        N/A       1%          2
 Magic Dart               Conj           28%        1d4       6%          1
 Blink                    Tloc           N/A        N/A       10%         2
 Call Imp                 Summ           7%         N/A       10%         2
 Slow                     Hex            7%         N/A       10%         2
 Confusing Touch          Hex            7%         N/A       19%         3
 Conjure Flame            Conj/Fire      7%         6-21      19%         3
 Gell's Gravitas          Tloc           3%         N/A       19%         3
 Mephitic Cloud           Conj/Pois/Air  7%         N/A       19%         3
 Hydra Form               Tmut           18%        N/A       21%         5
 Petrify                  Tmut/Erth      22%        N/A       22%         4
 Yara's Violent Unravell  Hex/Tmut       11%        3d6       52%         5
 Metabolic Englaciation   Hex/Ice        8%         N/A       63%         5


Dungeon Overview and Level Annotations

Branches:
Dungeon (9/15)             Temple (1/1) D:4           Sewer (visited)
   Lair: D:8-11         Orc: D:9-12

Altars:
Ashenzari
Cheibriados
Dithmenos
Elyvilon
Fedhas
Gozag
Hepliaklqana
Kikubaaqudgha
Nemelex Xobeh
Okawaru
Qazlal
Ru
Sif Muna
Trog
Uskayaw
Vehumet
Wu Jian
Xom
Yredelemnul
The Shining One

Shops:
D:7 *

Annotations:
D:5 3 runed translucent doors, tsouns's ghost, weakling DsDe


Innate Abilities, Weirdness & Mutations

You have temporarily grown beastly horns.
You have hoof-like feet.
You are completely covered in sharp spines.


Message History

The gnoll is struck by your spines.
You kill the gnoll!
Cheibriados appreciates the change of pace.
The gnoll shaman hits you with a +2 whip of draining!
You feel drained.
Okay, then.
You closely miss the gnoll shaman. Your kick misses the gnoll shaman.
You headbutt the gnoll shaman.
The gnoll shaman is lightly wounded.
The gnoll is struck by your spines. The gnoll hits you with a +0 club.
The gnoll shaman is struck by your spines.
The gnoll shaman hits you with a +2 whip of draining.
You feel drained.
You punch the gnoll shaman! Your headbutt misses the gnoll shaman.
The gnoll shaman is almost dead.
The gnoll is struck by your spines.
You kill the gnoll!
Cheibriados thoroughly appreciates the change of pace.
Cheibriados raises the support of your attributes as your movement slows.
The gnoll shaman barely misses you.
You hit the gnoll shaman but do no damage.
You kick the gnoll shaman, but do no damage.
The gnoll shaman is almost dead.
The gnoll shaman prays to its god.
The gnoll shaman is healed somewhat.
You hit the gnoll shaman but do no damage.
You headbutt the gnoll shaman, but do no damage.
The gnoll shaman is severely wounded.
You hit the gnoll shaman but do no damage.
The gnoll shaman is severely wounded.
The gnoll shaman hits you with a +2 whip of draining!
* * * LOW HITPOINT WARNING * * *
You feel drained.
* * * LOW HITPOINT WARNING * * *
Okay, then.
You hit the gnoll shaman.
The gnoll shaman is severely wounded.
The gnoll shaman is struck by your spines.
The gnoll shaman hits you with a +2 whip of draining!
You die...

##.....#
#......# .......
.....# ##....
###....####
##......)..##
.......<)...#..
.......@g.......
.......)........
................
.....##.........
..... ..........
.... ..........
..?. .......#...
.## ..........


You could see a gnoll shaman.

Vanquished Creatures
  Grinder (D:3)
  A wyvern (D:8)
  Menkaure (D:6)
  2 water moccasins
  2 orc warriors
  A black bear (D:7)
  2 sky beasts
  An ice beast (D:5)
  2 necrophages
  3 centaurs
  An ogre (D:5)
  2 kobold brigands
  A bullfrog (D:7)
  A scorpion (D:6)
  A water moccasin skeleton (D:5)
  4 wights (D:5)
  3 howler monkeys (D:7)
  2 centaur zombies (D:8)
  A bullfrog zombie (D:5)
  A jelly (D:5)
  2 orc priests (D:8)
  A bullfrog skeleton (D:4)
  3 hounds
  2 centaur skeletons (D:7)
  Jessica (D:2)
  An iguana (D:7)
  An orc wizard (D:8)
  A howler monkey zombie (D:6)
  Robin (D:2)
  11 gnolls
  A howler monkey skeleton (D:5)
  3 adders
  2 river rats (Sewer)
  A shadow imp (D:8)
  An ufetubus (D:5)
  An adder skeleton (D:4)
  A dart slug (D:2)
  18 orcs
  4 ball pythons
  3 bats (D:1)
  3 endoplasms
  2 giant cockroaches
  13 goblins
  9 hobgoblins
  5 jackals
  2 quokkas
  4 frilled lizards
  9 kobolds
  16 rats
155 creatures vanquished.

Notes
Turn   | Place    | Note
-------+----------+-------------------------------------------
     0 | D:1      | Alarkh the Demonspawn Transmuter began the quest for the
                  | Orb.
     0 | D:1      | Reached XP level 1. HP: 15/15 MP: 3/3
   259 | D:1      | Gained mutation: You are partially covered in sharp spines.
                  | [demonic ancestry]
   259 | D:1      | Reached XP level 2. HP: 16/21 MP: 3/5
   394 | D:1      | Reached skill level 3 in Unarmed Combat
   646 | D:1      | Gained mutation: You are mostly covered in sharp spines.
                  | [demonic ancestry]
   646 | D:1      | Reached XP level 3. HP: 21/26 MP: 6/6
   896 | D:1      | Learned a level 3 spell: Spider Form
   958 | D:2      | Noticed Robin
   991 | D:2      | Killed Robin
  1057 | D:2      | Reached XP level 4. HP: 33/33 MP: 5/7
  1434 | D:2      | Noticed Jessica
  1437 | D:2      | Killed Jessica
  2004 | D:3      | Found a glowing drain.
  2013 | Sewer    | Entered a sewer
  2030 | Sewer    | Reached XP level 5. HP: 16/38 MP: 9/9
  2196 | Sewer    | Reached skill level 4 in Unarmed Combat
  2432 | D:3      | Noticed Grinder
  2450 | D:3      | Killed Grinder
  2451 | D:3      | Reached XP level 6. HP: 24/47 MP: 11/11
  2599 | D:3      | Reached skill level 5 in Unarmed Combat
  3005 | D:4      | Found a staircase to the Ecumenical Temple.
  3047 | Temple   | Entered the Ecumenical Temple
  3195 | Temple   | Became a worshipper of Cheibriados the Contemplative
  3201 | Temple   | Learned a level 4 spell: Ice Form
  3316 | D:4      | Identified the +6 ring mail of the Realm of Zot {Rampage
                  | Int-5 Dex+4}
  3338 | D:4      | Gained mutation: You are completely covered in sharp
                  | spines. [demonic ancestry]
  3338 | D:4      | Reached XP level 7. HP: 50/52 MP: 12/12
  3575 | D:5      | Entered Level 5 of the Dungeon
  3677 | D:5      | Reached skill level 1 in Ice Magic
  3691 | D:5      | Found a shadowy altar of Dithmenos.
  4103 | D:5      | Lost mutation: You have razor-sharp toenails. [demonic
                  | ancestry]
  4103 | D:5      | Lost mutation: You have sharp toenails. [demonic ancestry]
  4103 | D:5      | Gained mutation: You have large cloven feet. [demonic
                  | ancestry]
  4103 | D:5      | Reached XP level 8. HP: 54/60 MP: 14/14
  4120 | D:5      | Found a blossoming altar of Fedhas.
  4153 | D:5      | Reached skill level 6 in Unarmed Combat
  4166 | D:5      | Found a runed translucent gate.
  4183 | D:5      | Found a runed translucent gate.
  4183 | D:5      | Found a runed translucent gate.
  4183 | D:5      | Noticed tsouns's ghost (weakling DsDe)
  4254 | D:5      | Reached * piety under Cheibriados
  4709 | D:6      | Reached skill level 1 in Invocations
  4934 | D:6      | Reached skill level 1 in Stealth
  5380 | D:6      | Noticed Menkaure
  5389 | D:6      | Killed Menkaure
  5862 | D:7      | Gained mutation: You have hoof-like feet. [demonic
                  | ancestry]
  5862 | D:7      | Reached XP level 9. HP: 11/66 MP: 16/16
  6249 | D:7      | Found Sazul's Mayhem Merchandise.
  6339 | D:7      | Reached skill level 7 in Unarmed Combat
  6347 | D:7      | Reached ** piety under Cheibriados
  6689 | D:8      | Reached skill level 5 in Fighting
  6737 | D:8      | Reached skill level 5 in Transmutations
  7006 | D:8      | Reached skill level 5 in Spellcasting
  7378 | D:8      | Found a sparkling altar of Nemelex Xobeh.
  7603 | D:9      | Slain by a gnoll shaman

Illustrated notes

Levels and vault maps discovered:
D:1:      dpeg_arrival_ratfight, layout_basic, minmay_misc_feat_iff,
          minmay_tromino_v4_a
D:2:      layout_loops_cross, uniq_robin, uniq_jessica
D:3:      minmay_bubble_buster, layout_loops_corners, portal_sewer_entry_d,
          uniq_grinder
D:4:      layout_cave_pools, minmay_temple_entry_mini_moons
D:5:      layout_basic, fedhas_ov_isle_minmay, jmf_multi_god_temple,
          ebering_ghost_rock_garden, st_stairs_9
D:6:      layout_cave_pods, uniq_menkaure
D:7:      layout_basic, minmay_shop_mayhem
D:8:      layout_basic, amcnicky_altar_gilded
D:9:      layout_cave_pools, grunt_temple_overflow_order_and_chaos_2
Temple:   nicolae_temple_elliptical

Skill      XL: |  1  2  3  4  5  6  7  8  9 |
---------------+----------------------------+-----
Unarmed Combat | 3 4 5 6 7 |  7.4
Transmutations | 2 3 4 5 |  5.2
Fighting       | 2 3 4 5 |  5.2
Spellcasting   | 3 4 5 |  5.1
Ice Magic      | 2 3 |  3.6
Invocations    | 2 3 |  3.8
Stealth        | 1 2 |  2.8
Dodging        | |  1.7

Action                   |  1- 3 |  4- 6 |  7- 9 || total
-------------------------+-------+-------+-------++-------
Melee: Unarmed           |   101 |    69 |   181 ||   351
       Headbutt          |     5 |    11 |    31 ||    47
       Kick              |     9 |    11 |    56 ||    76
       Punch             |       |     1 |     7 ||     8
 Cast: Beastly Appendage |    20 |    14 |    34 ||    68
       Spider Form       |     2 |       |       ||     2
Invok: Bend Time         |       |       |     1 ||     1
  Use: Potion            |       |     3 |     3 ||     6
       Scroll            |       |     3 |       ||     3
 Stab: Sleeping          |     1 |       |     4 ||     5
       Invisible         |       |       |     1 ||     1
Armor: Robe              |     5 |     6 |    21 ||    32
       Skin              |     1 |       |       ||     1
Dodge: Dodged            |    57 |    24 |   145 ||   226

Table legend: (Time is in decaauts)
 A = Elapsed time spent in this place.
 B = Non-inter-level travel time spent in this place.
 C = Inter-level travel time spent in this place.
 D = Time resting spent in this place.
 E = Time spent auto-exploring this place.
 F = Levels seen in this place.
 G = Mean time per level.
                   A        B        C        D        E       F      G
               +--------+--------+--------+--------+--------+-----+--------+
         Total |   8638 |   8237 |    401 |    853 |   6357 |  11 |  785.3 |
       Dungeon |   8142 |   7782 |    360 |    745 |   6118 |   9 |  904.7 |
        Temple |    184 |    143 |     41 |      0 |    137 |   1 |  184.0 |
         Sewer |    311 |    311 |      0 |    108 |    102 |   1 |  311.0 |
               +--------+--------+--------+--------+--------+-----+--------+

Top non-repeatable levels by time:
     D:6: 1479 daAuts
     D:7: 1216 daAuts
     D:8: 1191 daAuts
     D:5: 1067 daAuts
     D:3: 968 daAuts
     D:1: 909 daAuts
     D:2: 722 daAuts
     D:4: 573 daAuts
   Sewer: 311 daAuts
  Temple: 184 daAuts
     D:9: 12 daAuts
